 Dungeon Crawl Stone Soup version 0.30-b1-2-g02819fbbbe (webtiles) character file.

Game seed: 11483398591317481711

31 Angani the Chiller (level 3, -1/1 (40) HPs)
             Began as a Formicid Ice Elementalist on May 11, 2023.
             Slain by an orc wizard
             ... wielding a +0 dagger of draining
              (2 damage)
             ... on level 2 of the Dungeon.
             The game lasted 00:02:06 (750 turns).

Angani the Chiller (Formicid Ice Elementalist)       Turns: 750, Time: 00:02:06

HP:   -1/1 (40)     AC: 21    Str: 12    XL:     3   Next: 40%
MP:   6/6           EV:  2    Int: 16    God:
Gold: 71            SH:  0    Dex: 14    Spells: 5/6 levels left

rFire   + . .        o - staff of fire
rCold   . . .        (no shield)
rNeg    . . .        l - melded +0 ring mail
rPois   +            (helmet unavailable)
rElec   .            c - melded +0 cloak
rCorr   .            (gloves currently unavailable)
SInv    .            (boots currently unavailable)
Will    .....        n - amulet of magic regeneration
Stlth   ++           j - ring of flight
HPRegen 0.20/turn    (no ring)
MPRegen 0.50/turn

%: no passive effects
@: tree-form, extremely drained
A: stationary, stasis, torment immunity, boosted hp, permanent stasis, dig
shafts and tunnels, (antennae 3), four strong arms
a: no special abilities


You were on level 2 of the Dungeon.
You were a tree.
You visited 1 branch of the dungeon, and saw 2 of its levels.

You collected 71 gold pieces.

Inventory:

Armour
 c - a +0 cloak (melded)
 l - a +0 ring mail (melded)
Magical Staves
 o - a staff of fire (weapon)
Jewellery
 j - a ring of flight (left branch)
 n - an amulet of magic regeneration (around neck)
Scrolls
 a - a scroll of fog {unknown}
 d - a scroll of brand weapon {unknown}
 g - a scroll of blinking {unknown}
 i - a scroll of noise {unknown}
 k - 2 scrolls of silence {unknown}
 m - a scroll of teleportation {unknown}
 p - a scroll of immolation {unknown}
 q - a scroll of identify {unknown}
Potions
 b - a potion of magic
 f - a potion of mutation {unknown}
 h - 2 potions of haste {unknown}
 r - a potion of attraction {unknown}
 s - a potion of curing {unknown}


   Skills:
 + Level 2.0 Fighting
 + Level 2.0 Armour
 - Level 1.7 Dodging
 - Level 2.4 Stealth
 - Level 2.1 Spellcasting
 - Level 4.0 Ice Magic


You had 5 spell levels left.
You knew the following spells:

 Your Spells              Type           Power      Damage    Failure   Level
a - Freeze                Ice            56%        1d7       4%          1

Your spell library contained the following spells:

 Spells                   Type           Power      Damage    Failure   Level
 Frozen Ramparts          Ice            28%        1d5       12%         3
 Ozocubu's Armour         Ice            14%        N/A       12%         3
 Summon Ice Beast         Ice/Summ       8%         N/A       65%         4


Dungeon Overview and Level Annotations

Branches:
Dungeon (2/15)

Altars:


Innate Abilities, Weirdness & Mutations

You are a tree.
Your roots penetrate the ground, keeping you stationary.
You cannot be teleported.
You are immune to unholy pain and torment.
Your maximum health is greatly increased.
Your equipment is partially melded.
You cannot be hasted, slowed, berserked, paralysed or teleported.
You can dig through walls and to a lower floor.
((You have a pair of large antennae on your head. (SInv)))
Your four strong arms can wield two-handed weapons with a shield.


Message History

You hear some strange, mumbled words.
A magic dart appears from out of thin air!
The magic dart hits you but does no damage.
You hear some strange, mumbled words.
A magic dart appears from out of thin air!
The magic dart hits you but does no damage.
You miss something.
You feel less confused. Something completely misses you.
You miss something.
You hear some strange, mumbled words.
You are confused.
You attack the rock wall.
Something hits you but does no damage.
You feel drained.
You barely miss something. Something hits you but does no damage.
You feel drained.
You attack the rock wall.
Something hits you but does no damage.
You feel drained. Something hits you but does no damage.
You feel drained.
You hit something. Something hits you.
You feel drained.
You miss something. Something hits you but does no damage.
You feel drained.
You barely miss something.
You feel less confused. Something hits you but does no damage.
You feel drained.
You hit something but do no damage. Something hits you but does no damage.
You feel drained.
You hit something. Something hits you but does no damage.
You feel drained. Something hits you.
You feel drained.
You hit something. Something hits you but does no damage.
You feel drained.
You barely miss something. Something hits you but does no damage.
You feel drained.
You closely miss something. Something hits you but does no damage.
You feel drained.
You miss something. Something hits you.
Ouch! That really hurt!
You feel drained.
You miss something. Something hits you but does no damage.
You feel drained. Something completely misses you.
You hit something but do no damage. Something hits you.
Ouch! That really hurt!
You die...

####.........##########....
...............#......†....
#.........#.#.######....
#.........#.#...........
#.........#.#.......#.##
#.........#.#........... .
##.########.#..#......##
....##.########.#...........
.......oooo{♣........>#######
.....##.######......#.#......
#### #.. #.#.##.#.#.####. #.#
###.#....#.#.# #. .:.
#......###.#.# #. ...
#............# #. #...
#......###.######. #..
#......# #........ #......#
#.#######


You could see 4 orcs.

Vanquished Creatures
  A dart slug (D:1)
  A ball python (D:1)
  An endoplasm (D:2)
  3 giant cockroaches
  A goblin (D:1)
  A hobgoblin (D:1)
  7 quokkas
  4 bats
  A frilled lizard (D:1)
  A kobold (D:1)
  5 rats (D:1)
26 creatures vanquished.

Notes
Turn   | Place    | Note
-------+----------+-------------------------------------------
     0 | D:1      | Angani the Formicid Ice Elementalist began the quest for
                  | the Orb.
     0 | D:1      | Reached XP level 1. HP: 13/13 MP: 3/3
   198 | D:1      | Reached skill level 1 in Fighting
   198 | D:1      | Reached skill level 1 in Armour
   198 | D:1      | Reached XP level 2. HP: 14/21 MP: 5/5
   386 | D:1      | Reached XP level 3. HP: 27/27 MP: 6/6
   508 | D:2      | Identified the +2 robe "Oras" {*Corrode rC++ Str+2}
   750 | D:2      | Slain by an orc wizard

Illustrated notes

Levels and vault maps discovered:
D:1:      co_arrival_square_in_a_square_in_a_square, layout_basic
D:2:      layout_basic, uniq_jessica

Skill      XL: |  1  2  3 |
---------------+----------+-----
Fighting       | 1 2 |  2.0
Armour         | 1 2 |  2.0
Dodging        | |  1.7
Stealth        | |  2.4
Spellcasting   | |  2.1
Ice Magic      | |  4.0

Action                     || total
---------------------------++-------
  Melee: Mace              ||    68
         Punch             ||     1
         Staff             ||    54
    Use: Potion            ||     1
   Stab: Sleeping          ||     5
 Armour: Robe              ||    22
         Ring mail         ||    27
         Skin              ||    18
  Dodge: Dodged            ||    96
